Map: Cactus Valley LE (Void)

Players

SpeCial - Winner!

  • Race: Terran Terran
  • Spawn Location: 1:00

iAsonu

  • Race: Zerg Zerg
  • Spawn Location: 7:00

Event: WCS Austin 2017

VOD

Have the link to the VOD?

Description

Time

  • Played on: April 29, 2017, 12:44 p.m.
  • Length: 16:14

All games in this series

Show
View Real Time Build Order
Export as new Build Order

SpeCial Terran - Winner!

Build Orders: Reaper Expand, MMM Bio 

Get SALT Encoding   

  12  0:00  SCV  
  13  0:12  SCV  
  14  0:17  Supply Depot  
  14  0:25  SCV  
  15  0:29  Refinery  
  15  0:39  SCV  
  16  0:44  Barracks  
  16  0:51  SCV  
  17  1:03  SCV  
  18  1:15  SCV  
  19  1:31  Orbital Command  
  19  1:32  Reaper  
  20  1:42  Command Center  
  20  1:55  Factory  
  20  1:58  SCV  
  21  2:09  Refinery  
  21  2:10  SCV  
  21  2:12  Barracks Reactor  
  22  2:22  Supply Depot  
  22  2:24  SCV  
  23  2:42  Starport  
  23  2:44  SCV  
  24  2:55  Hellion  
  24  2:56  Hellion, Barracks Tech Lab, SCV  
  24  2:58  Orbital Command  
  29  3:08  SCV  
  30  3:17  Cyclone  
  33  3:20  SCV  
  37  3:29  Marine, Banshee  
  37  3:32  SCV  
  37  3:33  Supply Depot  
  39  3:44  SCV  
  39  3:47  Marine  
  39  3:54  Hellion x2  
  40  4:05  Marine  
  40  4:06  SCV x2  
  43  4:17  Command Center  
  43  4:23  SCV x2  
  45  4:31  Marine  
  45  4:34  Stimpack  
  45  4:35  Supply Depot  
  45  4:37  SCV x2  
  46  4:48  Barracks  
  46  4:49  SCV  
  46  4:50  SCV  
  46  4:52  Factory Reactor, Barracks  
  48  4:54  Marine  
  48  4:59  Supply Depot  
  49  5:00  Starport Reactor  
  49  5:01  SCV  
  49  5:02  SCV  
  51  5:12  Marine  
  51  5:13  SCV  
  53  5:16  Engineering Bay  
  53  5:17  Engineering Bay  
  53  5:18  SCV  
  54  5:25  SCV  
  55  5:29  Marine  
  55  5:30  Orbital Command  
  55  5:33  Supply Depot, SCV  
  57  5:38  SCV  
  57  5:41  Refinery x2  
  58  5:44  Terran Infantry Weapons Level 1  
  58  5:45  Factory Tech Lab, Terran Infantry Armor Level 1  
  58  5:47  Marine, SCV  
  58  5:49  Orbital Command  
  60  5:50  Marine x2  
  60  5:51  Marine  
  60  5:53  Marine  
  64  5:58  Medivac  
  64  5:59  Medivac  
  64  6:01  SCV  
  64  6:03  SCV  
  70  6:05  Marine  
  70  6:08  Marine  
  70  6:09  Siege Tank  
  75  6:13  Marine, SCV  
  75  6:15  Marine, SCV  
  75  6:18  Marine  
  80  6:19  SCV  
  80  6:23  Marine  
  80  6:25  SCV  
  83  6:26  Missile Turret  
  83  6:27  Marine  
  83  6:30  Missile Turret  
  81  6:33  Barracks  
  81  6:39  Barracks  
  81  6:42  SCV x3  
  81  6:43  Marine  
  85  6:48  Marine  
  85  6:49  Supply Depot, Marine x2  
  85  6:51  Marine  
  89  6:55  Combat Shields  
  89  7:00  Marine, SCV x3  
  93  7:03  Missile Turret  
  91  7:10  Armory  
  91  7:12  Marine, Siege Tank  
  95  7:18  Supply Depot  
  95  7:19  Marine x2  
  95  7:20  Marauder, Marine  
  98  7:23  Medivac  
  98  7:26  Medivac  
  100  7:33  Supply Depot, SCV  
  100  7:35  Bunker  
  101  7:39  Bunker  
  101  7:40  Marine x2, SCV  
  101  7:44  Marine x2, Siege Tank  
  107  7:50  Marine  
  107  7:58  Medivac x2  
  107  7:59  Marine x2  
  107  8:00  Marine  
  107  8:04  Marauder, Marine x2  
  115  8:08  Marine  
  115  8:11  SCV x2  
  113  8:17  Marine  
  115  8:22  Marine x2  
  115  8:24  Barracks Reactor x2  
  115  8:25  Marine x2  
  117  8:28  Terran Infantry Weapons Level 2, Terran Infantry Armor Level 2  
  117  8:33  Supply Depot  
  117  8:34  Supply Depot  
  117  8:44  Terran Vehicle Weapons Level 1  
  117  8:47  Medivac x2, Marine x3  
  117  8:48  Supply Depot, SCV  
  125  8:50  Supply Depot  
  125  8:54  Siege Tank, Marine x2, SCV x2  
  130  9:01  SCV  
  131  9:05  Marine x3  
  131  9:06  Sensor Tower, SCV  
  131  9:07  Marine x4, SCV  
  140  9:12  Marine  
  140  9:13  SCV  
  140  9:16  Marine  
  143  9:18  SCV  
  143  9:20  Medivac x2  
  143  9:23  Marine x3  
  151  9:24  Supply Depot  
  151  9:27  Siege Tank  
  151  9:30  Marine x3  
  157  9:35  Marine  
  157  9:36  Supply Depot, Marauder  
  157  9:37  Supply Depot  
  160  9:47  Missile Turret  
  160  9:48  Barracks  
  160  9:49  Barracks  
  160  9:50  Marine  
  160  9:52  Marine  
  161  9:55  Medivac x2  
  161  9:57  Marine  
  168  10:00  Unknown x4, Siege Tank  
  168  10:01  Marine  
  168  10:03  Marine  
  168  10:06  Refinery  
  169  10:14  Marine  
  169  10:15  Marine  
  169  10:16  Marine  
  169  10:17  SCV x2  
  169  10:20  Marine x3  
  169  10:21  Marauder, Marine  
  173  10:23  Marine  
  174  10:32  Marine, Siege Tank  
  174  10:33  Marine x2  
  180  10:36  Barracks Reactor  
  180  10:37  Supply Depot, Barracks Tech Lab  
  180  10:38  Marine x2  
  180  10:39  Marine  
  180  10:40  Marine  
  184  10:42  Marine  
  184  10:46  Marine  
  184  10:48  Unknown x3  
  186  10:56  Marine  
  185  11:04  Siege Tank  
  182  11:05  Marauder  
  182  11:06  Marine x2  
  182  11:07  Command Center  
  182  11:09  Medivac  
  187  11:13  Marine x3  
  187  11:15  Marine  
  187  11:17  Marine x2  
  190  11:25  Marine x2  
  183  11:27  Terran Infantry Weapons Level 3  
  183  11:28  Marine  
  183  11:29  Marine  
  184  11:33  Supply Depot  
  184  11:34  Marine  
  184  11:43  Missile Turret, Marine x2  
  184  11:46  Marine  
  187  11:48  Marine  
  187  11:53  Marine, Terran Infantry Armor Level 3  
  188  11:57  Marine  
  188  12:00  Marine x3  
  188  12:04  Unknown, Marine x3  
  188  12:05  Marine  
  188  12:07  Marine x2  
  193  12:15  Marine x3  
  195  12:18  Marine  
  195  12:21  Marine  
  182  12:25  Marauder  
  182  12:26  Marine x3  
  178  12:33  Unknown  
  178  12:34  Marine  
  168  12:39  Marine x2  
  168  12:42  Marine x3  
  169  12:45  Siege Tank  
  169  12:49  Marine  
  169  12:51  Marine x2  
  166  12:52  Marine  
  166  12:54  Marine  
  166  12:55  Medivac x2, Marine x2  
  166  12:57  Marine  
  175  13:00  Planetary Fortress  
  175  13:06  Marine x4  
  175  13:07  Marine  
  179  13:18  Marauder, Marine, Unknown  
  165  13:21  Marauder, Marine  
  165  13:25  Liberator x2, Marine x2  
  153  13:29  Marine x2  
  149  13:35  Marine  
  149  13:40  Marauder  
  132  13:43  Marauder  
  132  13:48  Starport  
  139  13:52  Marine  
  139  13:54  Missile Turret  
  140  13:57  Marauder, Marine x3  
  140  14:00  Marine  
  140  14:01  Marauder, Marine  
  149  14:04  Factory Reactor, Marauder  
  149  14:05  Command Center  
  149  14:06  Hi-Sec Auto Tracking  
  149  14:09  Supply Depot  
  151  14:10  Liberator x2, Marine x2  
  151  14:11  Marine  
  151  14:12  Liberator  
  151  14:15  Marine  
  155  14:18  Marauder  
  155  14:22  Marauder  
  157  14:25  Marine x3  
  157  14:26  Marauder, Marine  
  157  14:27  Liberator  
  165  14:41  Marauder, Marine  
  171  14:47  Marauder, Marine x3  
  171  14:48  Marine  
  171  14:51  Marine  
  175  14:53  Liberator x2  
  175  14:59  Marauder, Marine  
  175  15:06  Marine x2  
  173  15:07  Marauder, Marine  
  176  15:17  Planetary Fortress  
  176  15:33  Marauder  
  169  15:44  Marine  
  169  15:45  Marauder  
  169  15:46  Marine, Orbital Command  
  171  15:54  Marine x2  
Show
View Real Time Build Order
Export as new Build Order

iAsonu Zerg 

Build Orders: Pool First 

Get SALT Encoding   

  12  0:01  Drone  
  13  0:12  Overlord  
  13  0:17  Drone  
  14  0:30  Drone  
  14  0:31  Drone  
  14  0:34  Drone  
  17  0:44  Spawning Pool  
  17  0:48  Drone  
  17  0:59  Extractor  
  16  1:10  Hatchery  
  15  1:12  Drone  
  15  1:16  Drone  
  17  1:21  Drone  
  18  1:31  Roach Warren  
  17  1:34  Zergling x2  
  18  1:45  Queen  
  20  1:51  Drone  
  22  1:54  Drone  
  22  2:00  Overlord  
  22  2:20  Roach  
  24  2:23  Roach x2  
  28  2:34  Roach  
  28  2:35  Drone  
  31  2:39  Queen  
  31  2:43  Overlord  
  33  2:45  Drone  
  33  2:51  Ravager  
  34  2:55  Drone  
  35  3:04  Drone x3  
  38  3:09  Drone  
  38  3:11  Overlord  
  39  3:18  Drone  
  40  3:20  Drone  
  40  3:26  Extractor  
  40  3:27  Drone  
  40  3:28  Drone, Extractor  
  40  3:29  Ravager  
  40  3:30  Drone  
  43  3:35  Drone  
  43  3:36  Lair  
  44  3:45  Drone  
  44  3:47  Drone  
  46  3:52  Drone  
  46  3:55  Drone  
  45  4:01  Drone  
  46  4:05  Drone x2  
  48  4:10  Overlord  
  48  4:11  Drone x2  
  48  4:12  Drone  
  51  4:18  Drone  
  51  4:19  Overlord  
  51  4:20  Hatchery  
  51  4:25  Overlord  
  51  4:29  Drone, Extractor  
  52  4:31  Drone  
  52  4:38  Spire  
  52  4:40  Roach  
  52  4:43  Roach  
  52  4:45  Drone  
  52  4:49  Queen  
  52  4:52  Drone x2  
  56  4:59  Roach  
  58  5:01  Overseer  
  58  5:04  Queen  
  58  5:05  Drone  
  61  5:09  Drone  
  61  5:12  Drone  
  63  5:15  Drone  
  63  5:16  Drone  
  63  5:19  Drone  
  66  5:28  Overseer  
  66  5:30  Overlord  
  66  5:42  Drone  
  69  5:45  Overlord  
  69  5:49  Drone x2  
  71  5:52  Mutalisk x5  
  71  5:56  Overlord  
  81  6:00  Overlord  
  81  6:04  Mutalisk  
  81  6:05  Mutalisk x2  
  81  6:07  Drone  
  81  6:10  Glial Reconstitution  
  88  6:12  Overlord  
  88  6:17  Roach x3  
  92  6:19  Overlord  
  92  6:24  Roach x2  
  96  6:26  Overlord  
  96  6:31  Roach x2  
  100  6:37  Overlord  
  100  6:38  Roach  
  102  6:42  Roach x4  
  110  6:47  Overlord  
  110  6:49  Roach  
  110  6:50  Roach x3  
  110  6:52  Overlord  
  118  6:55  Extractor  
  118  6:58  Roach  
  118  6:59  Roach x2  
  123  7:06  Roach x3  
  123  7:08  Overlord  
  129  7:21  Roach  
  129  7:22  Roach x5  
  141  7:30  Overlord  
  141  7:36  Roach x5  
  151  7:41  Ravager x2  
  151  7:42  Zergling x2  
  151  7:43  Zergling x6  
  143  7:59  Drone x2  
  143  8:03  Drone, Evolution Chamber  
  143  8:04  Drone x2, Evolution Chamber  
  142  8:09  Drone  
  141  8:18  Drone x7  
  142  8:21  Extractor  
  137  8:27  Burrow  
  137  8:28  Tunneling Claws  
  137  8:29  Infestation Pit  
  137  8:30  Zerg Missile Weapons Level 1  
  136  8:39  Drone x2  
  140  8:41  Roach x5  
  140  8:42  Zerg Ground Armor Level 1  
  148  8:50  Hatchery  
  148  8:51  Metabolic Boost  
  147  9:04  Pneumatized Carapace  
  147  9:05  Hatchery  
  146  9:10  Drone x10  
  146  9:11  Baneling Nest  
  146  9:14  Overlord  
  155  9:20  Zergling x12  
  157  9:33  Spore Crawler  
  155  9:46  Mutalisk x6  
  155  9:51  Hive  
  167  9:58  Zergling x8  
  167  9:59  Zergling x10  
  176  10:08  Zergling x16  
  184  10:18  Zergling x4  
  184  10:19  Zergling x12  
  184  10:20  Centrifical Hooks  
  188  10:28  Overlord x2  
  188  10:32  Extractor x2  
  186  10:37  Overlord  
  186  10:42  Baneling x8  
  185  10:51  Zerg Ground Armor Level 2  
  185  10:52  Zerg Melee Weapons Level 1  
  181  11:02  Zergling x2  
  181  11:03  Zergling x30  
  176  11:15  Adrenal Glands, Roach x9  
  176  11:16  Ultralisk Cavern  
  176  11:17  Zergling x18  
  178  11:25  Zergling x10  
  174  11:28  Baneling x2  
  174  11:29  Baneling x4  
  174  11:30  Overlord  
  169  11:43  Baneling  
  148  11:59  Overlord  
  142  12:11  Ultralisk x3  
  142  12:13  Ravager x5  
  142  12:14  Ravager  
  166  12:19  Hatchery  
  159  12:24  Zergling x16  
  150  12:35  Ultralisk  
  145  12:46  Zergling x14  
  145  13:01  Zergling x10  
  150  13:06  Hatchery  
  150  13:07  Baneling x3  
  150  13:08  Baneling x3  
  146  13:16  Ultralisk  
  141  13:23  Zergling x8  
  121  13:34  Zergling x14  
  121  13:41  Chitinous Plating  
  117  13:43  Infestor  
  119  13:53  Ultralisk  
  123  14:10  Infestor  
  123  14:12  Zergling x14  
  131  14:18  Zergling x2  
  131  14:19  Zergling x8  
  136  14:30  Zergling x14  
  126  14:57  Ultralisk x2  
  131  15:02  Hatchery  
  128  15:12  Ultralisk  
  126  15:14  Zergling x6  
  129  15:25  Hatchery  
  127  15:30  Zergling x6  
  117  15:44  Zergling x14  
  126  15:53  Zergling x6  
Tags
 
Add a new tag
Caveats
  • Supply blocks, unpowered buildings, or Contaminate may cause inaccurate times.
  • Supply counts are checked every 10 seconds.